[Event "Live Chess"]
[Site "Chess.com"]
[Date "2023.05.21"]
[Round "-"]
[White "domrobson"]
[Black "romchyk1219"]
[Result "1-0"]
[WhiteElo "1747"]
[BlackElo "640"]
[TimeControl "300"]
[EndTime "18:31:47 PDT"]
[Termination "domrobson won by checkmate"]

1. d4 Nf6 2. c4 g6 3. Nc3 Bg7 4. e4 O-O 5. Be2 d6 6. Bg5 Nc6 7. d5 Ne5 8. f3 Bd7 9. g4 c5 10.
h4 a6 11. a4 Qa5 12. Bd2 Ne8 13. f4 Nxc4 14. Bxc4 Bxc3 15. Bxc3 Qc7 16. f5 gxf5 17. gxf5 Ng7 18. h5 e6 19. h6 Ne8 20. Qg4+ Ng7 21.
Qxg7# 1-0

[Event "Live Chess"]
[Site "Chess.com"]
[Date "2023.05.21"]
[Round "-"]
[White "Hussamalhaidar"]
[Black "LodeshChess"]
[Result "0-1"]
[WhiteElo "1098"]
[BlackElo "1176"]
[TimeControl "300"]
[EndTime "18:32:14 PDT"]
[Termination "LodeshChess won by resignation"]

1. b3 d5 2. Bb2 Nc6 3. Nf3 Nf6 4. e3 Bg4 5. Be2 Bxf3 6. Bxf3 e5 7. d3 Bb4+ 8. Nd2 O-O 9. a3 Bxd2+ 10. Qxd2 e4 11. dxe4 dxe4 12. Qd7 Qxd7 0-1

[Event "Live Chess"]
[Site "Chess.com"]
[Date "2023.05.21"]
[Round "-"]
[White "IgorSchukin"]
[Black "Biranidun"]
[Result "0-1"]
[WhiteElo "1783"]
[BlackElo "2579"]
[TimeControl "300"]
[EndTime "18:32:40 PDT"]
[Termination "Biranidun won on time"]

1. e4 c5 2. a3 g6 3. Nc3 Bg7 4. Bc4 Nc6 5. d3 e6 6. Nf3 Nge7 7. O-O d5 8. Ba2 O-O 9. Bg5 h6 10. Bh4 g5 11. Bxg5 hxg5 12. Nxg5 f6 13. Nh3 Nd4 14. f4 c4 15. dxc4 dxe4 16. Nxe4 Qb6 17. Kh1 Nef5 18. Re1 Qxb2 19. c5 Nxc2 20. Nd6 Nce3 21. Qf3 Bd7 22.
Nxf5 Nxf5 23. Qb3 Qxb3 24. Bxb3 Nd4 25. Bc4 Nc2 26. f5 Rfe8 27. Nf4 Nxe1 28. Rxe1 Bh6 29. fxe6 Bc6 30. e7+ Kh8 31. Ng6+ Kg7 32. Nh4 Bd7 0-1

[Event "Live Chess"]
[Site "Chess.com"]
[Date "2023.05.21"]
[Round "-"]
[White "PaulyD81"]
[Black "manthanit"]
[Result "1-0"]
[WhiteElo "1169"]
[BlackElo "1051"]
[TimeControl "300"]
[EndTime "18:33:25 PDT"]
[Termination "PaulyD81 won by resignation"]

1. d4 e6 2. c4 d5 3. cxd5 exd5 4. Nc3 h6 5. e4 Nf6 6. e5 Nfd7 7. Nxd5 Nc6 8. Nf3 Bb4+ 9. Bd2 Ndxe5 10. Nxb4 Nxb4 11.
Bxb4 Nxf3+ 12. gxf3 Bf5 13. Bd3 b6 14. Bxf5 c5 15.
dxc5 Qxd1+ 16. Rxd1 bxc5 17. Bxc5 Rc8 18. Bxc8 1-0

[Event "Live Chess"]
[Site "Chess.com"]
[Date "2023.05.21"]
[Round "-"]
[White "Doge_Dandolo"]
[Black "Fazer180"]
[Result "0-1"]
[WhiteElo "1908"]
[BlackElo "1763"]
[TimeControl "300"]
[EndTime "18:33:42 PDT"]
[Termination "Fazer180 won by checkmate"]

1. Nf3 e6 2. c4 d5 3. g3 Nf6 4.
Bg2 c6 5. O-O Be7 6. d4 O-O 7.
Qc2 dxc4 8. Qxc4 Nbd7 9. Rd1 Nb6 10. Qc2 Bd7 11. Nc3 Rc8 12. a4 Nbd5 13. e4 Nxc3 14.
bxc3 c5 15. Qe2 Qa5 16. Qe3 cxd4 17. cxd4 Qc3 18. Ne5 Rfd8 19. Bd2 Qxe3 20. Bxe3 Rc2 21. Rdb1 b6 22. a5 b5 23. Nxd7 Rxd7 24. Rxb5 h6 25. a6 Rdc7 26. Rb7 Ng4 27. Bf4 R7c4 28. Rxe7 Rxf2 29.
Rxa7 Rcc2 30. Bh3 Nxh2 31. Ra8+ Kh7 32. a7 Nf3+ 33. Kh1 Rh2# 0-1

[Event "Live Chess"]
[Site "Chess.com"]
[Date "2023.05.21"]
[Round "-"]
[White "LutherSullivan"]
[Black "alanmike75"]
[Result "0-1"]
[WhiteElo "2102"]
[BlackElo "1592"]
[TimeControl "300"]
[EndTime "18:33:53 PDT"]
[Termination "alanmike75 won by checkmate"]

1. e4 e5 2. Nf3 Nc6 3. d4 exd4 4.
Bc4 Nf6 5. O-O d6 6. Nxd4 Be7 7. Nc3 O-O 8. h3 Ne5 9. Be2 c5 10. Nf5 Bxf5 11. exf5 d5 12. f4 Nc6 13. Bf3 d4 14.
Ne4 Nxe4 15. Bxe4 Bf6 16. g4 Re8 17. Qf3 Rc8 18. Bd2 d3 19. c3 c4 20. Be3 h6 21.
Rae1 Bh4 22. Rd1 Qe7 23. Bxc6 Rxc6 24. Bd4 Qe2 25. Be5 Qxf3 26. Rxf3 Be7 27. Bd4 Bc5 28.
Bxc5 Rxc5 29. Rf2 Rc7 30. Kf1 Rce7 31. b3 b5 32. a4 a6 33. axb5 axb5 34. bxc4 bxc4 35.
Rb1 Re2 36. Rb4 d2 37. Rb1 Re1+ 38. Kg2 Rxb1 39. Rxd2 Rc1 40. g5 hxg5 41. fxg5 Rxc3 42. g6 fxg6 43. fxg6 Rd3 44. Ra2 Rd6 45. Kg3 Rxg6+ 46.
Kh4 Rc8 47. Ra5 c3 48. Rc5 Rh6+ 49. Kg4 Rxc5 50. h4 c2 51. Kg3 c1=Q 52. Kg2 Qd2+ 53. Kf1 Rc1# 0-1

[Event "Live Chess"]
[Site "Chess.com"]
[Date "2023.05.21"]
[Round "-"]
[White "ViktorTheCoolBoy"]
[Black "Tilbs_12"]
[Result "1/2-1/2"]
[WhiteElo "2512"]
[BlackElo "1551"]
[TimeControl "300"]
[EndTime "18:34:08 PDT"]
[Termination "Game drawn - insufficient material"]

1. f4 c5 2. Nf3 Nc6 3. e4 d5 4. Nc3 d4 5. Ne2 Bg4 6. Ng3 e6 7. Bb5 Nf6 8. O-O Be7 9. Qe1 Bxf3 10. Rxf3 Qb6 11. Bc4 Na5 12. Bf1 c4 13. Kh1 d3 14.
cxd3 cxd3 15. Bxd3 Rd8 16. Bc2 O-O 17. b3 Nc6 18.
Bb2 Nd4 19. Bxd4 Rxd4 20. d3 Bb4 21. Qe2 Rc8 22. Rff1 Qc6 23. Rfc1 Ba3 24. Qe3 Rd7 25.
Ne2 Bxc1 26. Rxc1 Qb6 27. Qxb6 axb6 28. Bb1 Rxc1+ 29. Nxc1 Rc7 30. Ne2 Ng4 31. Kg1 Ne3 32. Kf2 Nd1+ 33. Ke1 Nc3 34. Nxc3 Rxc3 35. Kd2 Rc6 36. a4 Kf8 37. b4 Ke7 38. Ba2 f6 39.
d4 Rc8 40. d5 Rd8 41. Ke3 exd5 42. Bxd5 Ra8 43. Bb3 b5 44. a5 b6 45. axb6 Ra6 46. Kd4 Rxb6 47. Kc5 Rb8 48. Bd5 g6 49. Bc6 f5 50. exf5 gxf5 51. Bxb5 Rg8 52. Bc6 Rg6 53. b5 Kd8 54. b6 Kc8 55. g3 h5 56. Bf3 h4 57. gxh4 Rg1 58. h5 Rf1 59. Bd5 Rxf4 60.
Bf7 Rh4 61. Kd5 Kb7 62. Ke5 Kxb6 63. Bg6 f4 64. Ke4 Kc5 65. Kf3 Kd4 66. Bf5 Ke5 67.
Bg4 Rxh2 68. Bc8 Rxh5 69. Bd7 Rh1 70. Bc8 Rh3+ 71. Bxh3 Kd4 72. Bf5 Kc3 73. Be4 Kc4 74. Bf5 Kc5 75. Bg6 Kd4 76. Bh7 Kc5 77. Bg6 Kd4 78.
Bh7 Kc5 79. Bf5 Kd4 80. Bd3 Kc5 81. Be4 Kd4 82. Kxf4 1/2-1/2

[Event "Live Chess"]
[Site "Chess.com"]
[Date "2023.05.21"]
[Round "-"]
[White "Olisingapore"]
[Black "worldchessleaguelive"]
[Result "1-0"]
[WhiteElo "1802"]
[BlackElo "1394"]
[TimeControl "300"]
[EndTime "18:34:16 PDT"]
[Termination "Olisingapore won by checkmate"]

1. d4 d5 2. c4 dxc4 3. Nf3 Nf6 4. e3 e6 5. Bxc4 Be7 6. O-O O-O 7. Nc3 a6 8. Be2 b5 9. Ne5 Bb7 10. Bf3 Bxf3 11. Qxf3 c6 12. a3 Qc8 13. b4 Nd5 14.
Nxd5 cxd5 15. e4 dxe4 16. Qxe4 Nd7 17. Nxd7 Qxd7 18. Qg4 Bf6 19. Rd1 Rfd8 20. Bb2 Rac8 21. Rd3 Rc4 22. Rad1 e5 23. Qxd7 Rxd7 24. dxe5 Rxd3 25.
Rxd3 Be7 26. Rd7 Rc2 27. Rxe7 Rxb2 28. Re8# 1-0

[Event "Live Chess"]
[Site "Chess.com"]
[Date "2023.05.21"]
[Round "-"]
[White "nigelst"]
[Black "LanceMaster23"]
[Result "0-1"]
[WhiteElo "1762"]
[BlackElo "1946"]
[TimeControl "300"]
[EndTime "18:34:44 PDT"]
[Termination "LanceMaster23 won by checkmate"]

1. e4 c5 2. Nf3 Nc6 3. Bb5 Qc7 4. c3 d6 5. d4 cxd4 6. cxd4 Bd7 7. O-O a6 8. Bd3 Nf6 9. Nc3 e6 10. Qe2 Be7 11.
Bg5 h6 12. Bh4 O-O 13. e5 dxe5 14. dxe5 Nd5 15. Nxd5 exd5 16. Bxe7 Nxe7 17. Rac1 Qa5 18.
Bb1 Rac8 19. Qd3 Bf5 20. Qd2 Bxb1 21. Qxa5 Bd3 22. Qd2 Bxf1 23. Rxf1 Rc5 24. Nd4 Rfc8 25. e6 fxe6 26. Nxe6 R5c6 27. Nd4 Rc4 28. Re1 R8c7 29. Ne6 Rd7 30. Rc1 Rc6 31. Rxc6 bxc6 32. Qd4 Nf5 33.
Qe5 g6 34. Qf6 Re7 35. Qxg6+ Ng7 36. Nxg7 Re1# 0-1

[Event "Live Chess"]
[Site "Chess.com"]
[Date "2023.05.21"]
[Round "-"]
[White "Cimon"]
[Black "Singapourfeuj"]
[Result "0-1"]
[WhiteElo "1850"]
[BlackElo "2165"]
[TimeControl "300"]
[EndTime "18:34:47 PDT"]
[Termination "Singapourfeuj won on time"]

1. Nf3 Nf6 2. c4 g6 3. d4 Bg7 4. g3 O-O 5. Bg2 d6 6. O-O a6 7. Nc3 Nbd7 8. e4 e5 9. d5 Rb8 10. Qc2 h6 11. b4 b5 12. cxb5 axb5 13. h3 Nh7 14. Qe2 f5 15. Nd2 Ndf6 16. f3 Bd7 17. Nb3 Ng5 18. h4 Nf7 19. Na5 Qe8 20. Bd2 g5 21.
hxg5 Nxg5 22. Rac1 Qh5 23. Nc6 Bxc6 24. dxc6 fxe4 25.
Bxg5 Qxg5 26. fxe4 Qxg3 27. Rf3 Qg5 28. Rcf1 Nh5 29. Rxf8+ Rxf8 30. Rxf8+ Bxf8 31. Nd5 Nf4 32. Nxf4 exf4 33. Qf3 Bg7 34. Kf2 Be5 35. Ke2 Qg3 36. Bh3 Qxf3+ 37. Kxf3 Kg7 38. Bc8 Kf6 39. Ba6 Kg5 40.
Bxb5 Bc3 41. Bf1 Bxb4 42. a4 h5 43. Bh3 h4 44. Be6 Bd2 45. Bf5 d5 46. Be6 d4 47.
Bd5 Bb4 48. Bc4 h3 49. Bf1 h2 50. Kg2 f3+ 51. Kxh2 Kf4 52. Kg1 Kxe4 53. Kf2 Bc5 54. Ke1 Ke3 0-1

[Event "Live Chess"]
[Site "Chess.com"]
[Date "2023.05.21"]
[Round "-"]
[White "GEMdzq"]
[Black "GMHarry-youtube"]
[Result "1-0"]
[WhiteElo "2253"]
[BlackElo "2053"]
[TimeControl "300"]
[EndTime "18:35:32 PDT"]
[Termination "GEMdzq won by checkmate"]

1. e4 c5 2. d4 cxd4 3. c3 dxc3 4. Nxc3 Nc6 5. Bc4 e6 6. Nf3 Bb4 7. Qd3 Nge7 8. O-O O-O 9. Rd1 Bxc3 10. Qxc3 d5 11. exd5 exd5 12. Bg5 f6 13. Bf4 Be6 14. Bb3 Bf7 15. Re1 Ng6 16. Bg3 d4 17. Qd3 Bxb3 18.
Qxb3+ Kh8 19. Rad1 Qb6 20. h4 Nge5 21. Nxd4 Nxd4 22.
Qxb6 Ndf3+ 23. gxf3 Nxf3+ 24. Kf1 axb6 25. Re3 Ne5 26. Bxe5 fxe5 27. a3 Rae8 28. Rd6 Rf6 29. Rxe5 Ref8 30. Rxf6 gxf6 31. Re7 f5 32. Rxb7 Rf6 33.
Kg2 Rh6 34. Kg3 Rg6+ 35. Kf4 Rg2 36. h5 Rxf2+ 37. Kg5 Rxb2 38. h6 Rg2+ 39. Kxf5 Rf2+ 40. Ke5 Re2+ 41. Kd5 Kg8 42. Rxb6 Kf7 43. a4 Ra2 44. Ra6 Rd2+ 45. Kc4 Rc2+ 46. Kb3 Rc1 47. Kb4 Rb1+ 48. Ka5 Rb2 49. Rc6 Ra2 50. Kb5 Rb2+ 51. Ka6 Rg2 52.
a5 Rb2 53. Ka7 Ra2 54. a6 Rb2 55. Rb6 Ra2 56. Kb7 Re2 57. a7 Re7+ 58. Ka6 Re8 59. Rb8 Re6+ 60. Kb5 Re5+ 61. Kc4 Ra5 62. a8=Q Rxa8 63. Rxa8 Kg6 64. Ra6+ Kf7 65. Kd4 Kg8 66. Ke4 Kf7 67. Kf4 Kg8 68. Kg4 Kf7 69. Kg5 Ke7 70.
Ra7+ Kf8 71. Rxh7 Kg8 72. Ra7 Kf8 73. h7 Ke8 74. h8=Q# 1-0

[Event "Live Chess"]
[Site "Chess.com"]
[Date "2023.05.21"]
[Round "-"]
[White "NateSolon"]
[Black "Missedidea"]
[Result "1-0"]
[WhiteElo "2662"]
[BlackElo "1825"]
[TimeControl "300"]
[EndTime "18:36:01 PDT"]
[Termination "NateSolon won by checkmate"]

1. d4 Nf6 2. Nc3 c5 3. d5 d6 4. e4 g6 5. Nf3 Bg7 6. Bb5+ Bd7 7. a4 O-O 8. O-O Bg4 9. Re1 a6 10. Bf1 Nbd7 11. h3 Bxf3 12. Qxf3 Ne5 13. Qd1 Rb8 14. Bf4 Qe8 15. Bh2 Ned7 16. f4 b5 17.
axb5 axb5 18. e5 dxe5 19. fxe5 Nh5 20. g4 b4 21. Na4 Ra8 22. gxh5 Nxe5 23. Bxe5 Bxe5 24.
Rxe5 Rxa4 25. Rxa4 Qxa4 26. Rxe7 b3 27. cxb3 Qf4 28. Qg4 Qd2 29. Qe4 Qxb2 30. Qe5 Qxb3 31. h6 f6 32. Qe6+ Kh8 33. Qxf6+ Rxf6 34. Re8+ Rf8 35. Rxf8# 1-0

[Event "Live Chess"]
[Site "Chess.com"]
[Date "2023.05.21"]
[Round "-"]
[White "xx_blindpuffin_xx"]
[Black "blowerd"]
[Result "1-0"]
[WhiteElo "2206"]
[BlackElo "1360"]
[TimeControl "300"]
[EndTime "18:36:07 PDT"]
[Termination "xx_blindpuffin_xx won by checkmate"]

1. d4 d5 2. Bf4 Nf6 3. e3 Bf5 4.
Nf3 Nc6 5. c4 dxc4 6. Bxc4 e6 7.
Nc3 Bb4 8. O-O Bxc3 9. bxc3 O-O 10. Bg5 h6 11. Bh4 g5 12. Bg3 Nh5 13. Bd3 Nxg3 14.
hxg3 Bxd3 15. Qxd3 e5 16. d5 Re8 17. e4 Nb8 18. Rab1 b6 19. Rfd1 Nd7 20. g4 Nc5 21.
Qe3 Qf6 22. Nh2 Rad8 23. f3 Qf4 24. Nf1 Na4 25. Rb3 Nc5 26. Ra3 a5 27. c4 Re6 28.
dxe6 Rxd1 29. e7 Qxe3+ 30. Rxe3 Kg7 31. e8=Q Ne6 32. Qa4 Nf4 33. Qxd1 h5 34. gxh5 Kh6 35. Ng3 c5 36. Qd8 Ne6 37. Qh8# 1-0

[Event "Live Chess"]
[Site "Chess.com"]
[Date "2023.05.21"]
[Round "-"]
[White "calcina"]
[Black "whatnot126"]
[Result "1/2-1/2"]
[WhiteElo "1586"]
[BlackElo "2051"]
[TimeControl "300"]
[EndTime "18:36:51 PDT"]
[Termination "Game drawn - timeout vs insufficient material"]

1. e4 d6 2. Nf3 Nf6 3. e5 dxe5 4. Bc4 g6 5. Nxe5 e6 6. d4 Bg7 7. Bg5 O-O 8. Nc3 c5 9. d5 exd5 10. Nxd5 Re8 11. f4 Be6 12. Nxf6+ Bxf6 13. Qxd8 Bxd8 14. Bxd8 Bxc4 15. O-O-O f6 16. Nxc4 Nc6 17. Bxf6 Re2 18. g3 a5 19. Rde1 Rf2 20. h4 a4 21. h5 Kf7 22.
Bc3 Rd8 23. hxg6+ Kxg6 24. Rhf1 Rg2 25. f5+ Kf7 26. Ne5+ Nxe5 27. Bxe5 Rdd2 28. c3 Rc2+ 29. Kb1 Rxb2+ 30. Kc1 Rgc2+ 31. Kd1 Rxa2 32. g4 Rcb2 33.
Kc1 Rc2+ 34. Kb1 Rab2+ 35. Ka1 a3 36. c4 Rb3 37. g5 Rg2 38. Rg1 Rxg1 39. Rxg1 Rb4 40.
g6+ hxg6 41. fxg6+ Kg8 42. Rg3 Rxc4 43. Rxa3 Kf8 44. g7+ Kf7 45. Ra8 Rg4 46. Rf8+ Ke6 47. g8=Q+ Rxg8 48. Rxg8 Kxe5 49. Rb8 c4 50. Rxb7 Kd4 51.
Rc7 Kc3 52. Kb1 Kd2 53. Rxc4 Kd3 54. Rc8 Kd4 55. Kc2 Kd5 56. Kc3 Kd6 57. Re8 Kd5 58.
Kd3 Kd6 59. Re4 Kd5 60. Rg4 Kc5 61. Kc3 Kd5 62. Kd3 Ke5 63. Ke3 Kd5 64. Ra4 Kc5 65.
Ra5+ Kb4 66. Re5 Kc4 67. Ke4 Kc3 68. Rd5 Kc4 69. Rd4+ Kc3 70. Ke3 Kc2 71. Rd3 Kc1 72. Ke2 Kb2 73. Re3 Kc2 74. Rg3 Kc1 1/2-1/2

[Event "Live Chess"]
[Site "Chess.com"]
[Date "2023.05.21"]
[Round "-"]
[White "romchyk1219"]
[Black "Hussamalhaidar"]
[Result "0-1"]
[WhiteElo "639"]
[BlackElo "1099"]
[TimeControl "300"]
[EndTime "18:37:03 PDT"]
[Termination "Hussamalhaidar won by checkmate"]

1. e4 e6 2. d4 d5 3. e5 c5 4. Nf3 Nc6 5. c3 cxd4 6. Nxd4 Nxd4 7. cxd4 Qa5+ 8. Bd2 Bb4 9. Bxb4 Qxb4+ 10.
Qd2 Qxd2+ 11. Nxd2 Ne7 12. Bb5+ Bd7 13. Bxd7+ Kxd7 14. Nb3 Rac8 15. Nc5+ Kc6 16. Rc1 Kb5 17. Nb3 Rxc1+ 18.
Nxc1 Rc8 19. O-O Rc2 20. b3 Nf5 21. Rd1 Nxd4 22. a4+ Kb4 23. h3 Nxb3 24. Nxb3 Kxb3 25. Rd3+ Rc3 26. Rxc3+ Kxc3 27. Kf1 Kb3 28. Ke2 Kxa4 29. Kd3 Kb3 30. f4 a5 31. g3 a4 32. Kd2 a3 33.
Kc1 b5 34. Kb1 b4 35. Ka1 Kc3 36. g4 b3 37. f5 d4 38. fxe6 fxe6 39. g5 g6 40. h4 d3 41. h5 gxh5 42. g6 hxg6 43. Kb1 d2 44. Ka1 d1=Q# 0-1

[Event "Live Chess"]
[Site "Chess.com"]
[Date "2023.05.21"]
[Round "-"]
[White "luckywookie"]
[Black "jimwad"]
[Result "1-0"]
[WhiteElo "769"]
[BlackElo "1227"]
[TimeControl "300"]
[EndTime "18:37:11 PDT"]
[Termination "luckywookie won by resignation"]

1. e4 e5 2. c3 Nf6 3. d3 Nc6 4. Nf3 d6 5. g3 Bg4 6. Bg2 h6 7. O-O Qd7 8. d4 exd4 9. cxd4 O-O-O 10. Qd3 Re8 11. Re1 g5 12. a3 Kb8 13. Be3 Nxe4 14. d5 Nd8 15. Bxa7+ Ka8 16. Bd4 f6 17. Rxe4 Rxe4 18.
Qxe4 Bg7 19. Nbd2 Re8 20. Qd3 Bf5 21. Qc3 Kb8 22. Bxf6 Bxf6 23. Qxf6 Qh7 24. Re1 Rxe1+ 25. Nxe1 Bd7 26. Qxd8+ Ka7 1-0

[Event "Live Chess"]
[Site "Chess.com"]
[Date "2023.05.21"]
[Round "-"]
[White "wot-not"]
[Black "ClassyChameleon"]
[Result "1-0"]
[WhiteElo "1542"]
[BlackElo "1091"]
[TimeControl "300"]
[EndTime "18:37:31 PDT"]
[Termination "wot-not won on time"]

1. e4 e5 2. f4 Nc6 3. Nf3 exf4 4.
d4 d5 5. e5 Bb4+ 6. Nbd2 Nge7 7. Bd3 Nf5 8. Bxf5 Bxf5 9. O-O O-O 10. c3 Ba5 11. Nb3 Bb6 12. Bd2 a6 13. Be1 Bg4 14.
h3 Bh5 15. Qd3 Ne7 16. Bh4 f6 17. Rae1 Bg6 18. Qd2 Nf5 19. Bf2 Ng3 20. Bxg3 fxg3 21. Nh4 Be4 22. exf6 Rxf6 23. Rxf6 Qxf6 24. Rf1 Qxh4 25.
Nc1 Rf8 26. Rxf8+ Kxf8 27. Ne2 g5 28. Qe3 Ke8 29. Nxg3 Kd8 30. Qf2 Bg6 31. Qf8+ Be8 32. Qf6+ Kc8 33. Nf5 Qe1+ 34. Kh2 Kb8 35. Qxg5 c6 36. Nd6 Bg6 37. Qg3 Qxg3+ 38. Kxg3 Bc7 39. Kg4 Bxd6 40. g3 Be7 41. h4 Bxh4 42. gxh4 Kc7 43. h5 Kd6 44. hxg6 hxg6 45. Kg5 Ke6 46. Kxg6 b6 47.
Kg5 c5 48. Kf4 b5 49. Ke3 cxd4+ 50. Kxd4 Kd6 51. b3 Kc6 52. a3 a5 53. Kd3 b4 54.
axb4 axb4 55. cxb4 Kb5 56. Kc3 1-0

[Event "Live Chess"]
[Site "Chess.com"]
[Date "2023.05.21"]
[Round "-"]
[White "KeithArkell"]
[Black "Pablo_dmp"]
[Result "1-0"]
[WhiteElo "2573"]
[BlackElo "1862"]
[TimeControl "300"]
[EndTime "18:38:08 PDT"]
[Termination "KeithArkell won on time"]

1. d4 d5 2. c4 e6 3. cxd5 exd5 4. Nc3 Nf6 5. Nf3 Bf5 6. Bg5 Be7 7. Qb3 Qc8 8. Bxf6 Bxf6 9. Nxd5 Nd7 10. Rc1 c6 11.
e3 O-O 12. Bd3 Be6 13. Nxf6+ Nxf6 14. Qc2 Qd7 15. O-O Rfe8 16. b3 Qd6 17. Qc5 Qc7 18.
h3 Qc8 19. Kh2 Qb8+ 20. Qe5 Bd5 21. Qxb8 Raxb8 22. Rfe1 Ne4 23. Kg1 a5 24. Bc4 Nf6 25. a3 Rbd8 26. Bxd5 Rxd5 27. Rc2 Rd6 28. Rec1 h6 29.
Ne5 Nd7 30. Nxd7 Rxd7 31. Rc5 Ra8 32. g4 Rd6 33. Kg2 Kh7 34. b4 axb4 35. axb4 Ra2 36.
R1c2 Rxc2 37. Rxc2 Kg6 38. Rc5 Kf6 39. b5 Ke6 40. bxc6 bxc6 41. h4 g6 42. Kg3 f5 43.
h5 gxh5 44. gxf5+ Kf6 45. Kh4 Rd5 46. Rxc6+ Kxf5 47. Rxh6 Ke4 48. Rxh5 Rd8 49. Re5+ Kf3 50. Rf5+ Ke4 51. Rf4+ Kd3 52. Kg3 Rg8+ 53. Rg4 Rf8 54. d5 Ke2 55. Rf4 Rg8+ 56. Kh4 Kf1 57. d6 Rh8+ 58.
Kg5 Rc8 59. d7 Rd8 60. Rf7 1-0

[Event "Live Chess"]
[Site "Chess.com"]
[Date "2023.05.21"]
[Round "-"]
[White "raminguy"]
[Black "grillage"]
[Result "0-1"]
[WhiteElo "1925"]
[BlackElo "1809"]
[TimeControl "300"]
[EndTime "18:38:11 PDT"]
[Termination "grillage won on time"]

1. d3 Nf6 2. e4 d5 3. exd5 Nxd5 4. g3 c6 5. Bg2 e5 6. Nf3 Bd6 7. O-O O-O 8. Re1 f6 9. b3 Kh8 10. Bb2 Bg4 11. h3 Bh5 12. g4 Bf7 13. Nc3 Nd7 14. Nxd5 cxd5 15. a4 d4 16. Nd2 Bb4 17. Re2 Bxd2 18.
Qxd2 Rc8 19. c3 dxc3 20. Bxc3 Nc5 21. b4 Nb3 22. Qb2 Nxa1 23. Qxa1 Qxd3 24. Re3 Qd7 25. Re1 Rfd8 26. a5 b6 27. axb6 axb6 28. Be4 Bg6 29. Bg2 Qd3 30. Bb2 Rc2 31. Bc1 Qd4 32. Be3 Qxa1 33.
Rxa1 b5 34. Bc5 h5 35. Ra5 hxg4 36. Rxb5 gxh3 37. Bxh3 Be4 38. Bg2 Bxg2 39. Kxg2 Kh7 40. Rb7 Rcd2 41. Re7 R8d7 42. Re6 Rb7 43. Ra6 Kg6 44.
Ra3 Kf5 45. Kf3 g6 46. Ra5 Rb2 47. Ra4 Ke6 48. Ra6+ Kf5 49. Ra4 e4+ 50. Ke3 Rb3+ 51. Ke2 g5 52. Ra5 Kg4 53. Ra6 f5 54. Rg6 R3xb4 55.
Bxb4 Rxb4 56. Rg8 f4 57. Re8 Rb2+ 58. Ke1 Kf3 59. Re5 Re2+ 60. Kf1 Rxf2+ 61. Kg1 e3 62. Rxg5 e2 63. Re5 Rf1+ 0-1

[Event "Live Chess"]
[Site "Chess.com"]
[Date "2023.05.21"]
[Round "-"]
[White "jimwad"]
[Black "Hussamalhaidar"]
[Result "0-1"]
[WhiteElo "1216"]
[BlackElo "1113"]
[TimeControl "300"]
[EndTime "18:38:39 PDT"]
[Termination "Hussamalhaidar won by resignation"]

1. d4 e5 2. dxe5 d6 3. exd6 Bxd6 4. Nc3 Nf6 5. Nf3 Nc6 6. Bg5 Bf5 7. e3 h6 8. Bh4 Qe7 9. Bb5 O-O-O 10. Bxc6 bxc6 11.
O-O Bxh2+ 12. Kh1 Rxd1 13. Rfxd1 g5 14. Bg3 Bxg3 15. fxg3 Bxc2 0-1

[Event "Live Chess"]
[Site "Chess.com"]
[Date "2023.05.21"]
[Round "-"]
[White "therealab0ne"]
[Black "LiamBellwood"]
[Result "0-1"]
[WhiteElo "716"]
[BlackElo "2045"]
[TimeControl "300"]
[EndTime "18:38:40 PDT"]
[Termination "LiamBellwood won by resignation"]

1. e4 e6 2. d4 d5 3. e5 c5 4. Nf3 Nc6 5. Bb5 Bd7 6. Bxc6 Bxc6 7. c3 Ne7 8. O-O Nf5 9. h3 Qb6 10. Nbd2 cxd4 11. cxd4 Nxd4 12. Nxd4 Qxd4 13. Re1 Bc5 14. Qe2 a6 15. Nb3 Qb4 16. Nxc5 Qxc5 17. Be3 Qb5 18. Qxb5 Bxb5 19. Rac1 Kd7 20. Kh2 Rac8 21. Rxc8 Rxc8 22. Kg3 f6 23. f4 Rc2 24. Bd4 f5 25. Re3 Bf1 26. Kh4 Rxg2 27. Bb6 Be2 28. Rg3 Rxg3 29. Kxg3 Kc6 30. Bd4 Kb5 31. Kf2 Bd3 32. a3 Kc4 33.
Bc3 h6 34. h4 d4 35. Bb4 Kb3 36. Bf8 h5 37. Bxg7 Kxb2 38. Bf8 a5 39. Ke1 Kc2 40.
Kf2 Be4 41. Ke2 d3+ 42. Ke3 d2 0-1

[Event "Live Chess"]
[Site "Chess.com"]
[Date "2023.05.21"]
[Round "-"]
[White "ViktorTheCoolBoy"]
[Black "LutherSullivan"]
[Result "1-0"]
[WhiteElo "2513"]
[BlackElo "2100"]
[TimeControl "300"]
[EndTime "18:38:42 PDT"]
[Termination "ViktorTheCoolBoy won by resignation"]

1. e4 c5 2. Nf3 Nc6 3. d4 cxd4 4. Nxd4 g6 5. c4 Bg7 6. Nc2 Nf6 7. Nc3 d6 8. Be2 O-O 9. O-O b6 10. Be3 Bb7 11.
Qd2 Rc8 12. f3 Nd7 13. Rab1 a6 14. Rfc1 Re8 15. b4 Nce5 16. Na3 Qc7 17. Nd5 Bxd5 18. cxd5 Qb7 19. f4 b5 20. fxe5 Nxe5 21. Rxc8 Rxc8 22. Rc1 Nc4 23. Nxc4 bxc4 24. Rxc4 Rxc4 25. Bxc4 a5 26. bxa5 Qb1+ 27. Bf1 Qxe4 28. a6 f5 29. a7 Qa4 30.
g3 g5 31. Qc1 f4 32. gxf4 gxf4 33. Qc8+ Kf7 34. a8=Q Qe4 35. Qg8+ Kf6 36. Bf2 Qg6+ 37. Bg3 fxg3 38. Qe6+ Kg5 39. Qxg6+ 1-0

[Event "Live Chess"]
[Site "Chess.com"]
[Date "2023.05.21"]
[Round "-"]
[White "Long1968"]
[Black "Duke_of_Bebington"]
[Result "0-1"]
[WhiteElo "1056"]
[BlackElo "1582"]
[TimeControl "300"]
[EndTime "18:38:55 PDT"]
[Termination "Duke_of_Bebington won on time"]

1. e4 e5 2. f4 exf4 3. Bc4 Qh4+ 4. Kf1 Nc6 5. Nf3 Qe7 6. Nc3 d6 7. d4 g5 8. h3 Bg7 9. Nd5 Qd7 10. Nxg5 h6 11.
Nf3 Nge7 12. Nxf4 O-O 13. c3 a6 14. b4 b5 15. Bb3 Bb7 16. Qd3 Rae8 17. Nh4 Kh8 18.
e5 dxe5 19. Bc2 f5 20. Nfg6+ Nxg6 21. Nxg6+ Kg8 0-1

[Event "Live Chess"]
[Site "Chess.com"]
[Date "2023.05.21"]
[Round "-"]
[White "manthanit"]
[Black "IgorSchukin"]
[Result "0-1"]
[WhiteElo "1051"]
[BlackElo "1783"]
[TimeControl "300"]
[EndTime "18:39:10 PDT"]
[Termination "IgorSchukin won by resignation"]

1. e4 c5 2. d4 cxd4 3. Qxd4 Nc6 4. Qd1 Nf6 5. Nc3 e5 6. Nf3 Bb4 7. Bd2 O-O 8. Bd3 d6 9. h3 h6 10. O-O Be6 11. Nd5 Bxd2 12. Qxd2 Nxd5 13. exd5 Bxd5 14.
Bh7+ Kxh7 15. Qxd5 Qc7 16. a3 Rad8 17. c3 f5 18. Nd2 e4 19. g4 Ne7 20. Qd4 d5 21.
Kh1 fxg4 22. Rg1 Nf5 23. Rac1 Nxd4 24. cxd4 Qf4 25. Rxg4 Qxf2 26. Rcg1 Qxd2 27. Rxg7+ Kh8 28. R7g6 Rf2 29. Rxh6+ Qxh6 0-1

[Event "Live Chess"]
[Site "Chess.com"]
[Date "2023.05.21"]
[Round "-"]
[White "smoggyrabbit"]
[Black "domrobson"]
[Result "0-1"]
[WhiteElo "1749"]
[BlackElo "1755"]
[TimeControl "300"]
[EndTime "18:39:17 PDT"]
[Termination "domrobson won by checkmate"]

1. d4 Nf6 2. Nf3 e6 3. e3 d5 4. Bd3 c5 5. b3 cxd4 6. exd4 Nc6 7. Bb2 Bd6 8. O-O O-O 9. Nbd2 h6 10. Ne5 Qc7 11.
f4 Qb6 12. Ndf3 Ne4 13. c4 Bxe5 14. fxe5 f5 15. Kh1 Ne7 16. Bxe4 fxe4 17. c5 Qd8 18. Nh4 Rxf1+ 19. Qxf1 Qf8 20. Qxf8+ Kxf8 21. Rf1+ Kg8 22. b4 g5 23. g3 gxh4 24. gxh4 Bd7 25. Bc1 Nf5 26. Rg1+ Kh7 27. h5 Rg8 28. Rxg8 Kxg8 29. Kg2 Kh7 30. Kf2 Nxd4 31. Bb2 Nf5 32. a3 a6 33. Ke2 Be8 34. Kf2 Bxh5 35. a4 Be8 36. a5 Bb5 37. Bc3 d4 38. Bb2 e3+ 39. Ke1 d3 40.
Kd1 e2+ 41. Ke1 Ne3 42. Bc3 Nc2+ 43. Kf2 e1=Q+ 44. Bxe1 Nxe1 45. Kxe1 Kg6 46. Kd2 Kf5 47. Ke3 Kxe5 48. Kd2 Kd4 49. Kd1 e5 50. h4 e4 51.
h5 e3 52. c6 bxc6 53. Ke1 d2+ 54. Kd1 Ba4+ 55. Ke2 d1=Q# 0-1

[Event "Live Chess"]
[Site "Chess.com"]
[Date "2023.05.21"]
[Round "-"]
[White "Conradical12"]
[Black "garyjc"]
[Result "1-0"]
[WhiteElo "1651"]
[BlackElo "1046"]
[TimeControl "300"]
[EndTime "18:39:18 PDT"]
[Termination "Conradical12 won on time"]

1. e4 c5 2. Nf3 Nc6 3. Bc4 g6 4. d3 Bg7 5. c3 d6 6. Be3 Nf6 7.
Qd2 Ng4 8. O-O Nxe3 9. Qxe3 O-O 10. Nbd2 a6 11. a4 Na5 12. Ba2 b5 13. axb5 axb5 14. Bd5 Rb8 15. Ng5 e6 16. Ba2 Nc6 17. Ndf3 b4 18.
Bb3 bxc3 19. Ba2 cxb2 20. Rab1 Ra8 21. Bc4 Ra1 22. Bb5 Rxb1 23. Rxb1 Qb6 24. Bxc6 Qxc6 25. e5 f6 26. exf6 Bxf6 27. Ne4 Bg7 28. d4 cxd4 29.
Nxd4 Bxd4 30. Qxd4 Qc2 31. Nf6+ Rxf6 32. Qxb2 1-0